 Dungeon Crawl Stone Soup version 0.28-a0-796-gd4f0d3f9b2 (webtiles) character file.

Game seed: 18444061773967605845

33049 Essalna the Arsonist (level 13, 0/84 HPs)
             Began as a Gargoyle Fire Elementalist on Nov 6, 2021.
             Was a High Priest of Vehumet.
             Slain by a death knight (29 damage)
             ... on level 11 of the Dungeon.
             The game lasted 00:45:24 (18788 turns).

Essalna the Arsonist (Gargoyle Fire Elementalist)  Turns: 18788, Time: 00:45:25

Health: 0/84       AC: 20    Str: 13    XL:     13   Next: 68%
Magic:  21/36      EV: 14    Int: 22    God:    Vehumet [*****.]
Gold:   1397       SH:  0    Dex: 10    Spells: 19/32 levels left

rFire   + + .      SeeInvis +   p - +8 war axe of Twilight {pain, Int+2}
rCold   + . .      Faith    .   (no shield)
rNeg    + . .      Spirit   .   L - +2 robe {rC+ rF+}
rPois   ∞          Reflect  .   (no helmet)
rElec   +          Harm     .   M - +2 cloak of the Thief {*Fog Slay-2 SInv Stlth+}
rCorr   .          Rampage  .   n - +0 pair of gloves
Will    .....                   B - +0 pair of boots
Stlth   +++.......              (no amulet)
HPRegen 0.24/turn               o - ring of magical power
MPRegen 0.25/turn               I - ring of protection from fire

@: no status effects
A: sickness immunity, AC +9, negative energy resistance 1, electricity
resistance, torment resistance 1, petrification resistance
a: Renounce Religion


You were on level 11 of the Dungeon.
You worshipped Vehumet.
Vehumet was extremely pleased with you.
You visited 3 branches of the dungeon, and saw 14 of its levels.
You also visited: Ossuary.

You collected 1658 gold pieces.
You spent 261 gold pieces at shops.

Inventory:

Hand Weapons
 b - a +0 hand axe
 p - the +8 war axe of Twilight (weapon) {pain, Int+2}
   (You found it on level 4 of the Dungeon)

   In the hands of one skilled in necromantic magic, it inflicts extra damage on
   living creatures.
   Int:       It affects your intelligence (+2).
 v - a +3 whip of electrocution
Armour
 a - a +0 robe
 n - a +0 pair of gloves (worn)
 y - a +2 cloak
 B - a +0 pair of boots (worn)
 K - a +2 robe of cold resistance
 L - a +2 robe of resistance (worn)
 M - the +2 cloak of the Thief (worn) {*Fog Slay-2 SInv Stlth+}
   (You bought it in a shop on level 2 of the Orcish Mines)

   It may release a thick cloud of smoke when the wearer is hurt.
   Slay:      It affects your accuracy & damage with ranged weapons and melee
   (-2).
   SInv:      It lets you see invisible.
   Stlth:     It makes you more stealthy.
 N - a +2 robe of the Archmagi
Jewellery
 i - a ring of ice
 o - a ring of magical power (left hand)
 z - an amulet of magic regeneration
 E - an amulet of regeneration
 I - a ring of protection from fire (right hand)
Wands
 q - a wand of flame (14)
 w - a wand of paralysis (9)
 A - a wand of acid (8)
Scrolls
 c - 3 scrolls of amnesia
 e - 2 scrolls of enchant armour
 j - a scroll of fog
 l - 7 scrolls of teleportation
 r - a scroll of immolation
 t - a scroll of noise
 D - 3 scrolls of vulnerability
Potions
 d - 2 potions of brilliance
 f - 3 potions of heal wounds
 g - 4 potions of might
 k - a potion of invisibility
 m - 4 potions of berserk rage
 s - a potion of flight
 u - 3 potions of ambrosia
 x - 2 potions of degeneration {unknown}
 C - 3 potions of lignification {unknown}
 F - a potion of curing {unknown}
 G - a potion of cancellation
 H - a potion of haste
 J - a potion of mutation


   Skills:
 + Level 10.8 Fighting
 - Level 7.4 Armour
 + Level 8.4 Dodging
 - Level 2.1 Stealth
 + Level 10.0 Spellcasting
 - Level 10.0 Conjurations
 + Level 11.0 Fire Magic


You had 19 spell levels left.
You knew the following spells:

 Your Spells              Type           Power      Damage    Failure   Level
a - Foxfire               Conj/Fire      100%       2x1d9     1%          1
b - Scorch                Fire           100%       2d10      1%          2
c - Flame Wave            Conj/Fire      55%        3d10      1%          4
d - Starburst             Conj/Fire      27%        6d9       3%          6

Your spell library contained the following spells:

 Spells                   Type           Power      Damage    Failure   Level
 Conjure Ball Lightning   Conj/Air       16%        3x3d6     28%         6
 Conjure Flame            Conj/Fire      55%        6-21      1%          3
 Dazzling Flash           Conj/Hex       66%        N/A       1%          3
 Inner Flame              Hex/Fire       35%        N/A       1%          3
 Stone Arrow              Conj/Erth      66%        3d11      1%          3
 Iskenderun's Mystic Bla  Conj/Tloc      33%        2d8       2%          4
 Wereblood                Tmut           11%        N/A       9%          2
 Animate Armour           Summ/Erth      22%        N/A       52%         4
 Summon Hydra             Summ           5%         N/A       100%        7
 Lehudib's Crystal Spear  Conj/Erth      16%        10d5      100%        8
 Sublimation of Blood     Necr           Unusable   N/A       N/A         2

Dungeon Overview and Level Annotations

Branches:
Dungeon (11/15)            Temple (1/1) D:7             Orc (2/2) D:10
    Elf (0/3) Orc:2       Ossuary (visited)
   Lair: D:8-11

Altars:
Ashenzari
Cheibriados
Dithmenos
Elyvilon
Fedhas
Gozag
Hepliaklqana
Kikubaaqudgha
Makhleb
Nemelex Xobeh
Okawaru
Qazlal
Ru
Sif Muna
Trog
Uskayaw
Vehumet
Wu Jian
Xom
Yredelemnul
Zin
The Shining One
Beogh

Shops:
D:1 *   D:6 *:![(   Orc:1 ?   Orc:2 [:**

Portals:
Pandemonium: Orc:2


Innate Abilities, Weirdness & Mutations

You are immune to sickness and miasma.
Your stone body is resilient. (AC +9)
You are immune to poison.
You resist negative energy. (rN+)
You are resistant to electric shocks. (rElec)
You are resistant to unholy torment.
You are immune to petrification.


Message History

(Press . to intensify the flame waves.)
You carefully extract the barbed spikes from your body.
The manticore bites you but does no damage.
The manticore closely misses you. The manticore barely misses you.
A wave of flame ripples out!
The flame wave engulfs the manticore!
The manticore is almost dead.
The flame wave engulfs the death knight!
The death knight is moderately wounded.
The manticore bites you but does no damage.
The manticore barely misses you. The manticore closely misses you.
A wave of flame ripples out!
The flame wave engulfs the manticore!
You kill the manticore!
Vehumet accepts your kill.
You feel your power returning.
The flame wave engulfs the death knight!
The death knight is moderately wounded.
The death knight mumbles some strange prayers to Yredelemnul against you.
Your body is wracked with pain!
With a swish of your cloak, you release a cloud of fog.
A wave of flame ripples out!
The flame wave engulfs the death knight!!
The death knight is heavily wounded.
You finish channelling waves of flame.
The death knight offers itself to Yredelemnul, and fills with unholy energy.
Casting: Flame Wave (safe; 1% risk of failure)
Confirm with . or Enter, or press ? or * to list all spells.
Okay, then.
Casting: Flame Wave (safe; 1% risk of failure)
Confirm with . or Enter, or press ? or * to list all spells.
Okay, then.
Casting: Flame Wave (safe; 1% risk of failure)
Confirm with . or Enter, or press ? or * to list all spells.
Casting: Starburst (dangerous; 3% risk of failure)
Press: ? - help, Dir - look around, f - activate The bolt of fire hits the death knight!!
The death knight is almost dead.
The death knight reflects your damage back at you!
With a swish of your cloak, you release a cloud of fog.
The death knight hits you with a +1 great mace of draining!!
You die...

#########
.....§§@#
.....§§p#
######§§#
.....#..#
.....#..#
$$$. #).#
$[$ ..l#
?$/ .#..#
.p#..#


You could see a death knight (reflects damage).

Vanquished Creatures
  An orc warlord (Orc:1)
  Fannar (Orc:1)
  3 demonspawn (Orc:2)
  A two-headed ogre (D:10)
  4 orc high priests (Orc:2)
  A skeletal warrior (D:11)
  Pikel (D:4)
  8 orc knights
  A manticore (D:11)
  9 orc sorcerers
  A rust devil (Orc:2)
  A gargoyle (D:11)
  Maggie (D:7)
  7 orange demons
  A hellwing (Orc:2)
  3 red devils (D:10)
  5 trolls
  Grinder (D:5)
  A slime creature (D:11)
  A meliai zombie (D:11)
  11 yaks
  2 wraiths
  5 wargs
  An acid dragon (D:11)
  2 water moccasins
  39 orc warriors
  3 black bears
  2 ice beasts
  2 sky beasts
  2 necrophages
  9 ogres
  3 centaurs
  2 kobold brigands (D:7)
  3 lemures
  A gnoll sergeant (D:11)
  4 wyvern zombies
  A bullfrog (D:7)
  2 scorpions
  A water moccasin zombie (Ossuary)
  4 killer bees (D:11)
  14 wights
  5 bullfrog zombies (Ossuary)
  11 centaur zombies
  3 hounds
  A jelly (D:6)
  Crazy Yiuf (D:5)
  30 orc priests
  An iron imp (D:3)
  A bullfrog skeleton (D:6)
  Jessica (D:2)
  5 iguanas
  21 orc wizards
  2 killer bee zombies (Ossuary)
  12 mummies (Ossuary)
  6 howler monkey zombies
  3 gnolls (D:11)
  8 adders
  3 white imps
  2 ufetubi (D:5)
  2 worms (D:3)
  2 dart slugs
  95 orcs
  9 endoplasms
  A giant cockroach (D:4)
  5 hobgoblins
  22 kobolds
  4 quokkas
  10 ball pythons
  5 bats
  4 frilled lizards
  5 goblins
  A quokka skeleton (D:4)
  4 rats
  A rat zombie (D:8)
451 creatures vanquished.

Vanquished Creatures (others)
  A sky beast (D:8)
  1093 foxfires
  5 plants (D:8)
  4 withered plants
1103 creatures vanquished.

Grand Total: 1554 creatures vanquished

Notes
Turn   | Place    | Note
-------+----------+-------------------------------------------
     0 | D:1      | Essalna the Gargoyle Fire Elementalist began the quest for
                  | the Orb.
     0 | D:1      | Reached XP level 1. HP: 10/10 MP: 3/3
    59 | D:1      | Found Kuif's Assorted Antiques.
   138 | D:1      | Reached XP level 2. HP: 10/15 MP: 0/5
  1091 | D:1      | Reached XP level 3. HP: 19/19 MP: 3/6
  1215 | D:2      | Found a faded altar of an unknown god.
  1551 | D:2      | Noticed a black bear
  1592 | D:2      | Learned a level 2 spell: Scorch
  1689 | D:3      | Reached XP level 4. HP: 24/24 MP: 1/8
  2185 | D:2      | Noticed Jessica
  2188 | D:2      | Killed Jessica
  2381 | D:2      | Reached skill level 4 in Fire Magic
  2427 | D:2      | Reached XP level 5. HP: 25/28 MP: 9/9
  2700 | D:2      | Killed a black bear
  2938 | D:3      | You fall into a shaft and drop 3 floors!
  2949 | D:6      | Found Teis's Distillery.
  2976 | D:6      | Found Ykayph's General Store.
  3007 | D:6      | Noticed a sky beast
  3014 | D:6      | Killed a sky beast
  3015 | D:6      | Reached XP level 6. HP: 32/32 MP: 3/11
  3206 | D:6      | Learned a level 4 spell: Flame Wave
  3254 | D:6      | Reached skill level 5 in Fire Magic
  3254 | D:6      | Reached XP level 7. HP: 37/37 MP: 0/13
  3357 | D:5      | Entered Level 5 of the Dungeon
  3422 | D:5      | Reached skill level 1 in Fighting
  3422 | D:5      | Reached skill level 1 in Armour
  3711 | D:4      | Identified the +8 war axe of Twilight {pain, Int+2}
  4241 | D:3      | Found a snail-covered altar of Cheibriados.
  4483 | D:3      | Found a hazy altar of Hepliaklqana.
  4484 | D:3      | You fall into a shaft and drop 2 floors!
  4596 | D:4      | Noticed Pikel
  4729 | D:5      | Reached XP level 8. HP: 44/44 MP: 14/14
  4822 | D:5      | Noticed Grinder
  4825 | D:5      | Paralysed by Grinder for 6 turns
  4838 | D:5      | Killed Grinder
  4839 | D:5      | Reached skill level 5 in Conjurations
  5025 | D:3      | Found an ancient bone altar of Kikubaaqudgha.
  5026 | D:3      | Found a broken altar of Ashenzari.
  5027 | D:3      | Found a glowing golden altar of the Shining One.
  5029 | D:3      | Found an ornate altar of the Wu Jian Council.
  5244 | D:4      | Killed Pikel
  5245 | D:4      | Reached skill level 5 in Spellcasting
  5245 | D:4      | Reached skill level 6 in Fire Magic
  5512 | D:4      | Reached XP level 9. HP: 52/52 MP: 16/16
  6055 | D:5      | Found a runed translucent door.
  6056 | D:5      | Noticed Crazy Yiuf
  6062 | D:5      | Killed Crazy Yiuf
  6497 | D:6      | Found Ibralees's Weapon Shop.
  6634 | D:6      | Found Reoxuergh's Antique Armour Boutique.
  6728 | D:6      | Found Nomneg's Book Shop.
  6761 | D:7      | Found a staircase to the Ecumenical Temple.
  6793 | Temple   | Entered the Ecumenical Temple
  6933 | Temple   | Became a worshipper of Vehumet
  7465 | D:7      | Reached skill level 5 in Fighting
  7731 | D:7      | Reached skill level 5 in Armour
  7731 | D:7      | Reached XP level 10. HP: 55/59 MP: 19/19
  7779 | D:7      | Reached skill level 7 in Fire Magic
  7820 | D:7      | Reached * piety under Vehumet
  7820 | D:7      | Offered knowledge of Magic Dart by Vehumet.
  7949 | D:7      | Noticed Maggie
  7959 | D:7      | Killed Maggie
  8403 | D:8      | Found a sand-covered staircase.
  8412 | Ossuary  | Entered an ossuary
  8790 | Ossuary  | Offered knowledge of Static Discharge by Vehumet.
  8795 | Ossuary  | Reached ** piety under Vehumet
  9257 | D:8      | Reached skill level 5 in Dodging
  9675 | D:8      | Offered knowledge of Ignite Poison by Vehumet.
 10190 | D:9      | Reached XP level 11. HP: 33/66 MP: 21/21
 10365 | D:9      | You fall into a shaft and drop 1 floor!
 10365 | D:10     | Entered Level 10 of the Dungeon
 10747 | D:9      | Reached skill level 8 in Fire Magic
 10816 | D:9      | Reached *** piety under Vehumet
 11199 | D:10     | Found a staircase to the Orcish Mines.
 11473 | D:10     | Noticed a two-headed ogre
 11918 | D:10     | Killed a two-headed ogre
 12107 | D:11     | Noticed a skeletal warrior
 12276 | D:11     | Offered knowledge of Frozen Ramparts by Vehumet.
 13108 | D:11     | Noticed a death knight
 13109 | D:11     | Noticed a manticore
 13112 | D:11     | Killed a skeletal warrior
 13113 | D:11     | Reached skill level 9 in Fire Magic
 13113 | D:11     | Reached XP level 12. HP: 30/73 MP: 13/24
 13430 | Orc:1    | Entered Level 1 of the Orcish Mines
 13482 | Orc:1    | Noticed Fannar
 13496 | Orc:1    | Killed Fannar
 13502 | Orc:1    | Reached **** piety under Vehumet
 13801 | Orc:1    | Noticed an orc warlord
 13862 | Orc:2    | Entered Level 2 of the Orcish Mines
 13866 | Orc:2    | Offered knowledge of Yara's Violent Unravelling by Vehumet.
 14619 | Orc:2    | Reached ***** piety under Vehumet
 14707 | Orc:2    | Offered knowledge of Conjure Ball Lightning by Vehumet.
 15168 | Orc:1    | Killed an orc warlord
 15169 | Orc:1    | Reached skill level 10 in Conjurations
 15848 | Orc:2    | Found Battis's General Store.
 15904 | Orc:2    | Found Arril's General Store.
 15935 | Orc:2    | Bought the +2 cloak of the Thief {*Fog Slay-2 SInv Stlth+}
                  | for 261 gold pieces
 15935 | Orc:2    | Found the +2 cloak of the Thief {*Fog Slay-2 SInv Stlth+}
 16158 | Orc:2    | Noticed an orc high priest
 16161 | Orc:2    | Noticed an orc high priest
 16169 | Orc:2    | Killed an orc high priest
 16182 | Orc:2    | Reached skill level 10 in Fire Magic
 16648 | Orc:2    | Found a staircase to the Elven Halls.
 16809 | Orc:2    | Noticed a sun demon
 16823 | Orc:2    | Reached XP level 13. HP: 23/81 MP: 20/26
 17134 | Orc:2    | Reached skill level 10 in Fighting
 17618 | Orc:2    | Found Keuci's Antique Armour Shoppe.
 17618 | Orc:2    | Found Qequcifo's Book Emporium.
 17619 | Orc:2    | Found a one-way gate leading to the halls of Pandemonium.
 18039 | Orc:2    | Learned a level 6 spell: Starburst
 18316 | Orc:1    | Found Yzecuonu's Magic Scroll Boutique.
 18488 | Orc:1    | Noticed an orc warlord
 18492 | Orc:1    | Reached skill level 10 in Spellcasting
 18492 | Orc:1    | Reached skill level 11 in Fire Magic
 18788 | D:11     | Slain by a death knight

Illustrated notes

Levels and vault maps discovered:
D:1:      amcnicky_arrival_flooded_fountain, layout_loops_ring, serial_shops,
          nicolae_square_shop, amcnicky_mini_pool_small
D:2:      layout_basic, hellmonk_ecumenical_altar_run_dry, corexii_shack,
          grunt_ministairs_9, uniq_jessica
D:3:      layout_loops_ring, minitemple, slow_altar_2, minmay_shallow_snake_nest
D:4:      layout_basic, uniq_pikel
D:5:      layout_basic, hangedman_abyss_or_decor_jellyfish_corner, uniq_grinder,
          uniq_crazy_yiuf_cottage
D:6:      layout_rooms, serial_shops, shop, shop, kennysheep_mini,
          nicolae_square_shop, nicolae_square_shop, grunt_ministairs_11
D:7:      layout_basic, minmay_temple_entry_glassed_door,
          hangedman_abyss_or_decor_lesser_grid, uniq_maggie
D:8:      corexii_shack_village, layout_layer_cave, enter_ossuary_3,
          minmay_misc_feat_four_crosses
D:9:      layout_roguey
D:10:     layout_basic, orc_0_dummy, minmay_beelzebubs_servants
D:11:     cheibrodos_elevator_heist, layout_basic, dpeg_oklobed_lair,
          serial_shops, kennysheep_little_box
Temple:   regret_index_temple_sphere_string
Orc:1:    cheibrodos_orc_arena, layout_diamond_mine, gammafunk_ghost_cemetery,
          basic_altar, serial_shops, shop, uniq_fannar
Orc:2:    pf_orc_diabolical, layout_caves

Skill      XL: |  1  2  3  4  5  6  7  8  9 10 11 12 13 |
---------------+----------------------------------------+-----
Conjurations   | 2 3 4 5 6 7 9 10 | 10.0
Spellcasting   | 3 4 5 6 7 8 9 10 | 10.0
Fire Magic     | 4 5 6 7 9 10 11 | 11.0
Fighting       | 2 3 5 6 8 9 10 | 10.8
Armour         | 2 3 5 6 7 |  7.4
Dodging        | 2 3 4 5 6 7 8 |  8.4
Stealth        | |  2.1

Action                   |  1- 3 |  4- 6 |  7- 9 | 10-12 | 13-15 || total
-------------------------+-------+-------+-------+-------+-------++-------
Melee: Unarmed           |     6 |       |       |       |       ||     6
       Hand axe          |    14 |    13 |       |       |       ||    27
       War axe           |       |       |    57 |    68 |       ||   125
 Cast: Foxfire           |    61 |    59 |   180 |   305 |    51 ||   656
       Scorch            |     1 |     9 |    72 |   154 |    14 ||   250
       Flame Wave        |       |       |       |    58 |    20 ||    78
       Starburst         |       |       |       |       |     8 ||     8
Evoke: Wand              |       |       |       |     3 |     4 ||     7
  Use: Scroll            |       |       |       |    17 |     7 ||    24
       Potion            |       |       |       |     5 |       ||     5
 Stab: Sleeping          |     1 |       |     2 |       |       ||     3
Armor: Robe              |    14 |     5 |    30 |   152 |    28 ||   229
Dodge: Dodged            |    23 |    11 |    55 |   228 |    44 ||   361

Table legend: (Time is in decaauts)
 A = Elapsed time spent in this place.
 B = Non-inter-level travel time spent in this place.
 C = Inter-level travel time spent in this place.
 D = Time resting spent in this place.
 E = Time spent auto-exploring this place.
 F = Levels seen in this place.
 G = Mean time per level.
                   A        B        C        D        E       F      G
               +--------+--------+--------+--------+--------+-----+--------+
         Total |  18895 |  17961 |    934 |   1495 |  13662 |  15 | 1259.7 |
       Dungeon |  13057 |  12370 |    687 |    536 |  10061 |  11 | 1187.0 |
        Temple |    162 |    134 |     28 |      0 |    120 |   1 |  162.0 |
  Orcish Mines |   4954 |   4735 |    219 |    959 |   2985 |   2 | 2477.0 |
       Ossuary |    721 |    721 |      0 |      0 |    496 |   1 |  721.0 |
               +--------+--------+--------+--------+--------+-----+--------+

Top non-repeatable levels by time:
   Orc:2: 3585 daAuts
    D:10: 2459 daAuts
   Orc:1: 1368 daAuts
     D:3: 1329 daAuts
     D:8: 1308 daAuts
     D:7: 1265 daAuts
     D:2: 1234 daAuts
     D:1: 1211 daAuts
     D:5: 1131 daAuts
     D:9: 1062 daAuts
     D:4: 1052 daAuts
     D:6: 834 daAuts
 Ossuary: 721 daAuts
    D:11: 167 daAuts
  Temple: 162 daAuts
